 Seeded DCSS version 0.31-a0-431-g88bdf31460 (webtiles) character file.

Game seed: 1488530604685760082 (custom seed)

556 Hubris850 the Chopper (level 7, -7/59 HPs)
             Began as a Hill Orc Fighter on July 31, 2023.
             Mangled by an ogre
             ... wielding a +0 giant club
              (17 damage)
             ... on level 5 of the Dungeon.
             The game lasted 00:08:12 (4217 turns).

Hubris850 the Chopper (Hill Orc Fighter)            Turns: 4217, Time: 00:08:13

Health: -7/59      AC: 10    Str: 21    XL:     7   Next: 30%
Magic:  7/7        EV:  9    Int:  8    God:
Gold:   226        SH:  5    Dex: 10    Spells: 6/6 levels left

rFire   + . .        a - +0 war axe
rCold   . . .        c - +0 buckler
rNeg    . . .        d - +1 scale mail {Will+}
rPois   .            p - +0 helmet
rElec   .            (no cloak)
rCorr   .            B - +0 pair of gloves
SInv    .            (no boots)
Will    +....        (no amulet) Stlth
                     n - ring of protection from fire
HPRegen 0.29/turn    (no ring)
MPRegen 0.10/turn

%: no passive effects
@: no status effects
A: no striking features
a: no special abilities


You were on level 5 of the Dungeon.
You visited 1 branch of the dungeon, and saw 5 of its levels.

You collected 226 gold pieces.

Inventory:

Hand Weapons
 a - a +0 war axe (weapon)
Missiles
 l - 14 poisoned darts
Armour
 b - a +0 scale mail
 c - a +0 buckler (worn)
 d - a +1 scale mail of willpower (worn)
 p - a +0 helmet (worn)
 B - a +0 pair of gloves (worn)
Jewellery
 n - a ring of protection from fire (left hand)
 w - a ring of willpower
 A - a ring of fire
Wands
 o - a wand of flame (23)
Scrolls
 f - a scroll of torment {unknown}
 g - 2 scrolls of amnesia {unknown}
 h - 6 scrolls of identify {unknown}
 i - 2 scrolls of poison {unknown}
 m - a scroll of blinking {unknown}
 q - a scroll of teleportation {unknown}
 y - a scroll of immolation {unknown}
 C - a scroll of revelation {unknown}
Potions
 e - a potion of curing {unknown}
 j - 2 potions of berserk rage {unknown}
 k - 2 potions of magic {unknown}
 r - a potion of cancellation {unknown}
 s - 2 potions of degeneration {unknown}
 t - 2 potions of heal wounds {unknown}
 u - a potion of invisibility {unknown}
 v - 2 potions of might
 x - a potion of resistance {unknown}
 z - a potion of attraction {unknown}


   Skills:
 - Level 4.0 Fighting
 + Level 7.8 Axes
 - Level 5.0 Armour
 - Level 5.0 Shields


You had 6 spell levels left.
You didn't know any spells.
Your spell library contained the following spells:

 Spells                   Type           Power      Damage    Failure   Level
 Lesser Beckoning         Tloc           0%         N/A       91%         2
 Gell's Gravitas          Tloc           0%         N/A       99%         3
 Teleport Other           Tloc           0%         N/A       99%         3


Dungeon Overview and Level Annotations

Branches:
Dungeon (5/15)
 Temple: D:4-7

Altars:
Gozag
Trog
Uskayaw

Shops:
D:3 **


Message History

The jackal barely misses you.
You hit the jackal.
The jackal is moderately wounded.
The jackal bites you but does no damage.
You slash the jackal!
You kill the jackal!
No target in view!
An ogre comes into view. It is wielding a +0 giant spiked club.
The ogre shouts!
You see here a fuming blue potion.
An ogre is nearby!
No target in view!
No target in view!
No target in view!
You see here a fuming blue potion.
An ogre is nearby!
The ogre hits you with a +0 giant spiked club!!
An ogre comes into view. It is wielding a +0 giant club.
The ogre shouts!
You slash the ogre!
The ogre is moderately wounded.
The ogre barely misses you.
You slash the ogre!
The ogre is heavily wounded.
You barely miss the ogre.
The ogre is heavily wounded.
The ogre hits you with a +0 giant spiked club!!
You are too injured to fight recklessly!
You are too injured to fight recklessly!
You are too injured to fight recklessly!
You slash the ogre!
The ogre is severely wounded.
The ogre barely misses you.
You barely miss the ogre.
The ogre is severely wounded.
You hit the ogre but do no damage.
The ogre hits you with a +0 giant spiked club!
* * * LOW HITPOINT WARNING * * *
The ogre hits you with a +0 giant club!
You die...

##.......## ##
#......... ...
#........##.## .
#.............
..#...........^.
...............
........†..#...
.......!<#.....
..?....@........
......O#O#.#....
............. ..
#..#...#.......
................
...##..#.#.#....
#.. #..#.#.#....
#. #.. .#.# ..


You could see 2 ogres.

Vanquished Creatures
  An ice beast (D:4)
  An ogre (D:4)
  A scorpion (D:4)
  A howler monkey (D:3)
  An orc priest (D:3)
  Natasha (thrice) (D:4)
  Terence (D:2)
  An orc wizard (D:3)
  Robin (D:2)
  2 adders (D:3)
  A worm (D:2)
  2 dart slugs (D:4)
  8 orcs
  10 ball pythons
  4 endoplasms
  4 giant cockroaches
  15 goblins
  6 hobgoblins
  4 jackals
  5 kobolds
  5 quokkas
  4 bats
  6 frilled lizards
  2 rats
89 creatures vanquished.

Notes
Turn   | Place    | Note
-------+----------+-------------------------------------------
     0 | D:1      | Hubris850 the Hill Orc Fighter began the quest for the Orb.
     0 | D:1      | Reached XP level 1. HP: 19/19 MP: 1/1
   102 | D:1      | Reached XP level 2. HP: 27/27 MP: 2/2
   229 | D:1      | Reached skill level 3 in Axes
  1047 | D:2      | Noticed Terence
  1055 | D:2      | Killed Terence
  1056 | D:2      | Reached XP level 3. HP: 15/33 MP: 3/3
  1416 | D:2      | Noticed Robin
  1439 | D:2      | Reached XP level 4. HP: 31/40 MP: 4/4
  1448 | D:2      | Killed Robin
  1799 | D:2      | Reached skill level 4 in Axes
  2309 | D:3      | Found Sycwut's General Store.
  2345 | D:3      | Found Kearch's General Store.
  2477 | D:3      | Found an opulent altar of Gozag.
  2687 | D:3      | Found a faded altar of an unknown god.
  2700 | D:3      | Reached XP level 5. HP: 38/46 MP: 5/5
  2969 | D:3      | Found a bloodstained altar of Trog.
  2969 | D:3      | Found a hide-covered altar of Uskayaw.
  3140 | D:4      | Reached skill level 5 in Axes
  3160 | D:4      | Noticed Natasha
  3193 | D:4      | Killed Natasha
  3194 | D:4      | Reached XP level 6. HP: 22/52 MP: 6/6
  3352 | D:4      | Noticed Natasha
  3366 | D:4      | Killed Natasha
  3367 | D:4      | Reached skill level 5 in Shields
  3367 | D:4      | Noticed an ice beast
  3378 | D:4      | Killed an ice beast
  3379 | D:4      | Reached skill level 6 in Axes
  3379 | D:4      | Reached skill level 5 in Armour
  3579 | D:4      | Reached XP level 7. HP: 45/59 MP: 7/7
  3701 | D:4      | Noticed Natasha
  3706 | D:4      | Reached skill level 7 in Axes
  3708 | D:4      | Killed Natasha
  4204 | D:5      | Entered Level 5 of the Dungeon
  4217 | D:5      | Mangled by an ogre

Illustrated notes

Levels and vault maps discovered:
D:1:      nzn_arrival_settlement, layout_basic, roderic_lattice_a,
          chequers_big_river
D:2:      layout_basic, minmay_misc_feat_chi, glass_columns_a, minmay_tripent,
          uniq_robin, uniq_terence
D:3:      layout_basic, nicolae_gozag_cash_rules_everything_around_me,
          grunt_temple_overflow_open, serial_shops, shop,
          nicolae_shop_gibbet_a_chance, ebering_ecumenical_altar_webs
D:4:      layout_basic, serial_bayou_lagoon_a, uniq_natasha
D:5:      layout_basic, minmay_temple_entry_poolview, uniq_duvessa,
          uniq_eustachio

Skill      XL: |  1  2  3  4  5  6  7 |
---------------+----------------------+-----
Axes           | 3 4 5 6 7 |  7.8
Fighting       | 4 |  4.0
Shields        | 4 5 |  5.0
Armour         | 4 5 |  5.0

Action                     |  1- 3 |  4- 6 |  7- 9 || total
---------------------------+-------+-------+-------++-------
  Melee: War axe           |    80 |   152 |    26 ||   258
    Use: Potion            |     1 |       |       ||     1
 Armour: Scale mail        |    40 |    81 |     8 ||   129
  Dodge: Dodged            |    48 |    71 |     6 ||   125
  Block: Buckler           |    15 |    33 |     2 ||    50

Table legend: (Time is in decaauts)
 A = Elapsed time spent in this place.
 B = Non-inter-level travel time spent in this place.
 C = Inter-level travel time spent in this place.
 D = Time resting spent in this place.
 E = Time spent auto-exploring this place.
 F = Levels seen in this place.
 G = Mean time per level.
                   A        B        C        D        E       F      G
               +--------+--------+--------+--------+--------+-----+--------+
         Total |   4303 |   4147 |    156 |    101 |   3351 |   5 |  860.6 |
       Dungeon |   4303 |   4147 |    156 |    101 |   3351 |   5 |  860.6 |
               +--------+--------+--------+--------+--------+-----+--------+

Top non-repeatable levels by time:
     D:2: 1206 daAuts
     D:4: 1097 daAuts
     D:1: 1071 daAuts
     D:3: 914 daAuts
     D:5: 13 daAuts
